 Dungeon Crawl Stone Soup version 0.31.0-12-g77e489cdc1 (webtiles) character file.

Game seed: 10560926719266964221

255 Arctor the Magician (level 5, 0/28 HPs)
             Began as a Deep Elf Fire Elementalist on Feb 14, 2024.
             Slain by a lemure (4 damage)
             ... led by Pikel
             ... on level 3 of the Dungeon.
             The game lasted 00:03:26 (3919 turns).

Arctor the Magician (Deep Elf Fire Elementalist)    Turns: 3919, Time: 00:03:26

Health: 0/28       AC:  2    Str:  5    XL:     5   Next: 91%
Magic:  1/13       EV: 13    Int: 22    God:
Gold:   146        SH:  0    Dex: 15    Spells: 7/13 levels left

rFire   + . .        k - staff of fire
rCold   . . .        (no shield)
rNeg    . . .        a - +0 robe
rPois   .            (no helmet)
rElec   .            (no cloak)
rCorr   .            (no gloves)
SInv    .            (no boots)
Will    .....        (no amulet)
Stlth   +++          (no ring)
HPRegen 0.24/turn    (no ring)
MPRegen 0.13/turn

%: no passive effects
@: no status effects
A: no striking features
a: no special abilities


You were on level 3 of the Dungeon.
You visited 1 branch of the dungeon, and saw 4 of its levels.

You collected 146 gold pieces.

Inventory:

Armour
 a - a +0 robe (worn)
Magical Staves
 k - a staff of fire (weapon)
Jewellery
 d - a ring of flight
Wands
 l - a wand of flame (22)
Scrolls
 c - a scroll of fear {unknown}
 f - a scroll of torment {unknown}
 g - 3 scrolls of identify {unknown}
 h - 2 scrolls of teleportation {unknown}
 j - a scroll of brand weapon {unknown}
Potions
 b - a potion of magic
 e - 2 potions of attraction {unknown}
 i - a potion of lignification {unknown}


   Skills:
 + Level 3.9 Dodging
 + Level 4.1 Stealth
 + Level 4.6 Spellcasting
 + Level 3.0 Conjurations
 + Level 4.3 Fire Magic


You had 7 spell levels left.
You knew the following spells:

 Your Spells              Type           Power      Damage    Failure   Level
a - Foxfire               Conj/Fire      100%       2x1d9     2%          1
b - Scorch                Fire           72%        2d8       2%          2
c - Volatile Blastmotes   Fire/Tloc      44%        2d13      13%         3

Your spell library contained the following spells:

 Spells                   Type           Power      Damage    Failure   Level
 Inner Flame              Hex/Fire       22%        N/A       13%         3
 Flame Wave               Conj/Fire      32%        2d9       22%         4


Dungeon Overview and Level Annotations

Branches:
Dungeon (4/15)
 Temple: D:4-7

Altars:

Portals:
Ossuary: D:4

Annotations:
D:4 Pikel


Message History

The foxfire hits the lemure!
The lemure is heavily wounded.
Casting: Foxfire (safe; 2% risk of failure)
Confirm with . or Enter, or press ? or * to list all spells.
You feel a surge of power!
Flames lash the lemure.
The lemure is severely wounded.
The lemure's fire resistance burns away.
The lemure hits you! The lemure closely misses you.
Unknown command.
The lemure hits you. The lemure barely misses you.
You climb upwards.
Your summoned ally is left behind.
There is a stone staircase leading down here.
Casting: Scorch (safe; 2% risk of failure)
Confirm with . or Enter, or press ? or * to list all spells.
You feel a surge of power!
Flames lash the lemure.
The lemure is burned terribly!
You kill the lemure!
That felt strangely unrewarding.
The lemure completely misses you.
Casting: Scorch (safe; 2% risk of failure)
Confirm with . or Enter, or press ? or * to list all spells.
You don't have enough magic to cast this spell.
Unknown command.
You hit the lemure but do no damage. The lemure hits you.
You hit the lemure but do no damage. The lemure closely misses you.
You hit the lemure but do no damage. The lemure barely misses you.
You closely miss the lemure. The lemure closely misses you.
You hit the lemure but do no damage. The lemure hits you.
* * * LOW HITPOINT WARNING * * *
The lemure hits you.
* * * LOW HITPOINT WARNING * * *
Casting: Scorch (safe; 2% risk of failure)
Confirm with . or Enter, or press ? or * to list all spells.
You feel a surge of power!
Flames lash the lemure.
The lemure is moderately wounded.
The lemure's fire resistance burns away.
The lemure is no longer more vulnerable to fire.
The lemure attacks as it pursues you! The lemure hits you.
* * * LOW HITPOINT WARNING * * *
The lemure attacks as it pursues you! The lemure hits you.
You die...

...# #.# #.# ##.# #.#
#.# #.# #.# #.# #.#
#.########## #.#
##[####.#........# #.#
..........######.## #.#
##.####...........# #.#
##.# ##########5.# #.#
##.###### #@.# #.#
........# #..# #.#
##.####.# #..# #.# ##.##
#.# #..# #.#
#...###.########[.####.#
.....##................#
......#.###.......######
........# #.####.##
........# #)# #<#


You could see a lemure.

Vanquished Creatures
  Sigmund (D:3)
  2 lemures
  2 adders (D:3)
  A ribbon worm (D:2)
  A dart slug (D:2)
  4 orcs (D:3)
  4 ball pythons
  8 bats
  2 endoplasms (D:1)
  2 giant cockroaches
  7 goblins
  5 hobgoblins
  3 jackals (D:1)
  3 kobolds
  6 quokkas
  6 frilled lizards
  7 rats
64 creatures vanquished.

Vanquished Creatures (others)
  307 foxfires
307 creatures vanquished.

Grand Total: 371 creatures vanquished

Notes
Turn   | Place    | Note
-------+----------+-------------------------------------------
     0 | D:1      | Arctor the Deep Elf Fire Elementalist began the quest for
                  | the Orb.
     0 | D:1      | Reached XP level 1. HP: 10/10 MP: 6/6
   379 | D:1      | Reached XP level 2. HP: 15/15 MP: 4/8
   382 | D:1      | Learned a level 2 spell: Scorch
  1154 | D:1      | Reached XP level 3. HP: 19/19 MP: 6/10
  1750 | D:2      | Learned a level 3 spell: Volatile Blastmotes
  2898 | D:3      | Reached XP level 4. HP: 16/24 MP: 0/11
  3057 | D:3      | Found the +7 Kryia's mail coat {PotionHeal*2 rC+}
  3607 | D:3      | Noticed Sigmund
  3616 | D:3      | Killed Sigmund
  3617 | D:3      | Reached XP level 5. HP: 23/28 MP: 3/13
  3886 | D:4      | Noticed Pikel
  3886 | D:4      | Noticed a lemure
  3886 | D:4      | Noticed a lemure
  3886 | D:4      | Found a sand-covered staircase.
  3887 | D:4      | Noticed a lemure
  3888 | D:4      | Noticed a lemure
  3890 | D:4      | Killed a lemure
  3898 | D:3      | Killed a lemure
  3919 | D:3      | Slain by a lemure

Illustrated notes

Levels and vault maps discovered:
D:1:      dpeg_arrival_central, layout_loops_ring, serial_aquarium,
          aquarium_bridge_square [aquarium_subvault_bridge,
          aquarium_subvault_window, aquarium_subvault_wall,
          aquarium_subvault_bridge], aquarium_window_corner, aquarium_window_1,
          aquarium_window_fake, aquarium_view_2e, aquarium_balcony_double_3
D:2:      layout_loops_ring, minmay_pentomino_p2
D:3:      layout_loops_ring, uniq_sigmund
D:4:      layout_basic, enter_ossuary_1, uniq_pikel

Skill      XL: |  1  2  3  4 |
---------------+-------------+-----
Stealth        | 3 4 |  4.1
Dodging        | 3 |  3.9
Conjurations   | 2 3 |  3.0
Spellcasting   | 4 |  4.6
Fire Magic     | 4 |  4.3

Action                     |  1- 3 |  4- 6 || total
---------------------------+-------+-------++-------
  Melee: Staff             |     1 |    10 ||    11
   Cast: Foxfire           |   163 |    34 ||   197
         Scorch            |     2 |    10 ||    12
 Armour: Robe              |    17 |    17 ||    34
  Dodge: Dodged            |    17 |    23 ||    40
